 Dungeon Sprint DCSS version 0.26-a0-652-gafc20e3620 (webtiles) character file.

Game seed: 18107814008607284498

8169 mhtbhm the Stickfighter (level 11, -40/95 HPs)
             Began as a Formicid Fighter on Oct 4, 2020.
             Was a High Priest of Okawaru.
             Annihilated by Donald
             ... wielding a +1 war axe of holy wrath
              (43 damage)
             ... in the Dungeon (Sprint III: "The Ten Rune Challenge").
             The game lasted 00:05:53 (1327 turns).

mhtbhm the Stickfighter (Formicid Fighter)          Turns: 1327, Time: 00:05:54

Health: -40/95     AC: 11    Str: 25    XL:     11   Next: 50%
Magic:  9/9        EV: 14    Int:  9    God:    Okawaru [*****.]
Gold:   7          SH: 14    Dex: 10    Spells: 10/10 levels left

rFire    . . .     SeeInvis +   a - +4 quarterstaff (chaos)
rCold    . . .     Faith    .   c - +0 kite shield
rNeg     . . .     Spirit   .   b - +2 troll leather armour {Snorg}
rPois    .         Reflect  .   (helmet unavailable)
rElec    .         Harm     .   p - +2 cloak
rCorr    .         Rampage  .   (no gloves)
MR       +....                  (no boots)
Stlth    ++........             (no amulet)
HPRegen  1.05/turn              (no ring)
MPRegen  0.11/turn              (no ring)

@: no status effects
A: permanent stasis, dig shafts and tunnels, four strong arms, antennae 3,
clever 1, low mp 1, regeneration 1, MP-powered wands
a: Dig, Heroism, Finesse, Renounce Religion


You were in the Dungeon.
You worshipped Okawaru.
Okawaru was extremely pleased with you.
You visited 1 branch You collected 7 gold pieces.

Inventory:

Hand Weapons
 a - a +4 quarterstaff of chaos (weapon)
Armour
 b - a +2 troll leather armour (worn) {Snorg}
 c - a +0 kite shield (worn)
 p - a +2 cloak (worn)
Wands
 q - a wand of polymorph (4)
Scrolls
 h - a scroll of enchant weapon {unknown}
 i - 3 scrolls of remove curse {unknown}
 j - a scroll of immolation {unknown}
 k - 3 scrolls of identify
 m - a scroll of torment {unknown}
Potions
 g - 2 potions of magic
 l - 4 potions of flight
 n - a potion of invisibility {unknown}
 o - 3 potions of mutation
Miscellaneous
 r - a condenser vane (2/2)


   Skills:
 + Level 12.3 Fighting
 + Level 15.3 Staves
 + Level 12.9 Armour
 + Level 7.0 Dodging
 + Level 4.0 Stealth
 + Level 14.5 Shields
 + Level 3.3 Evocations


You had 10 spell levels left.
You didn't know any spells.
Your spell library contained the following spells:

 Spells                   Type           Power        Failure   Level
 Confusing Touch          Hex            #.......     80%         3
 Gell's Gravitas          Tloc           #.........   80%         3
 Petrify                  Tmut/Erth      #.......     99%         4
 Metabolic Englaciation   Hex/Ice        #.........   100%        5
 Yara's Violent Unravell  Hex/Tmut       #.........   100%        5


Dungeon Overview and Level Annotations

Branches:
Dungeon (1/1)

Altars:
Cheibriados
Dithmenos
Elyvilon
Fedhas
Gozag
Hepliaklqana
Kikubaaqudgha
Makhleb
Nemelex Xobeh
Okawaru
Qazlal
Ru
Sif Muna
Trog
Uskayaw
Vehumet
Wu Jian
Xom
Yredelemnul
Zin
The Shining One
Beogh
Jiyva
Lugonu

Annotations:
D Donald


Innate Abilities, Weirdness & Mutations

You cannot be hasted, slowed, berserked, paralysed or teleported.
You can dig through walls and to a lower floor.
Your four strong arms can wield two-handed weapons with a shield.
You have a pair of large antennae on your head. (SInv)
Your mind is acute. (Int +2)
Your magical capacity is low. (-10% MP)
Your natural rate of healing is unusually fast.
You expend magic power (3 MP) to strengthen your wands.


Message History

Unknown command.
Donald blocks your attack.
Donald is almost dead.
You hit Donald but do no damage.
Donald is almost dead.
You block Donald's attack.
Unknown command.
You hit Donald but do no damage.
Space bends around Donald.
Donald is almost dead.
You sock Donald!
You feel better.
Donald is almost dead.
Donald hits you with a +1 war axe of holy wrath!
* * * LOW HITPOINT WARNING * * *
Donald blocks your attack.
Donald is almost dead.
Unknown command.
Donald blocks your attack.
Donald is almost dead.
Donald hits you with a +1 war axe of holy wrath!!!
You die...

#+###########################
#..§≈§§§#.((..'.#.#.#.†)..≈≈#{
#[#§≈≈#§#.#)).##.#.#.##.††≈≈###
'.#§§§#.#.#...#.#.#.#.#..†≈≈≈≈#
#.#§§§#...#...##.#.#.##...†≈≈≈#
▓▓▓▓▓▓▓▓▓▓▓▓▓▓#.#.#.#.#...†...#
........≈≈≈...##.#.#.##...†.†.#
≈≈≈≈≈≈≈≈≈≈♣♣..'.#.#.#.#.†.....#
♣♣♣♣♣♣♣♣♣♣♣♣..##@#.#.##########
♣♣♣##@##### #☼§§+ {{#§§°# {
{{#§§°# { ##### { { { {


You could see Donald (strong).

Vanquished Creatures
  Frances (D)
  Snorg (D)
  A centaur warrior (D)
  An unseen horror (D)
  A deep elf mage (D)
  2 cane toads (D)
  A rime drake (D)
  A komodo dragon (D)
  A queen bee (D)
  A shadow (D)
  A spatial vortex (D)
  A porcupine (D)
  A swamp drake (D)
  A necrophage (D)
  2 centaurs (D)
  An earth elemental (D)
  2 water elementals (D)
  31 killer bees (D)
  2 wandering mushrooms (D)
  A jelly (D)
  Crazy Yiuf (D)
  A wizard (D)
  Jessica (D)
  A necromancer (D)
  A kobold demonologist (D)
  3 humans (D)
  An ooze (D)
  2 rats (D)
65 creatures vanquished.

Vanquished Creatures (collateral kills)
  A wandering mushroom (D)
1 creature vanquished.

Vanquished Creatures (others)
  A hydra (D)
  A wandering mushroom (D)
  A ballistomycete spore (D)
  3 plants (D)
6 creatures vanquished.

Grand Total: 72 creatures vanquished

Notes
Turn   | Place    | Note
-------+----------+-------------------------------------------
     0 | D        | mhtbhm the Formicid Fighter began the quest for the Orb.
     0 | D        | Reached XP level 1. HP: 18/18 MP: 1/1
    44 | D        | Noticed Jessica
    55 | D        | Killed Jessica
    55 | D        | Reached skill level 3 in Staves
    55 | D        | Reached skill level 5 in Shields
    55 | D        | Reached XP level 2. HP: 26/26 MP: 2/2
    55 | D        | Reached XP level 3. HP: 32/32 MP: 3/3
    77 | D        | Gained mutation: You expend magic power (3 MP) to
                  | strengthen your wands. [potion of mutation]
    77 | D        | Gained mutation: Your magical capacity is low. (-10% MP)
                  | [potion of mutation]
    77 | D        | Gained mutation: Your mind is acute. (Int +2) [potion of
                  | mutation]
    77 | D        | Gained mutation: Your natural rate of healing is unusually
                  | fast. [potion of mutation]
    80 | D        | Noticed Crazy Yiuf
    95 | D        | Reached skill level 5 in Fighting
    95 | D        | Reached skill level 5 in Armour
    95 | D        | Reached XP level 4. HP: 39/39 MP: 3/3
   103 | D        | Killed Crazy Yiuf
   103 | D        | Reached skill level 4 in Staves
   132 | D        | Noticed a water elemental
   147 | D        | Killed a water elemental
   147 | D        | Reached skill level 5 in Staves
   147 | D        | Reached skill level 1 in Dodging
   147 | D        | Reached XP level 5. HP: 34/46 MP: 4/4
   150 | D        | Killed a water elemental
   150 | D        | Reached skill level 6 in Staves
   150 | D        | Reached XP level 6. HP: 29/53 MP: 5/5
   198 | D        | Found a glowing silver altar of Zin.
   198 | D        | Found a glowing golden altar of the Shining One.
   198 | D        | Found a white marble altar of Elyvilon.
   199 | D        | Noticed a deep elf mage
   205 | D        | Killed a deep elf mage
   205 | D        | Reached skill level 8 in Staves
   205 | D        | Reached XP level 7. HP: 59/61 MP: 6/6
   252 | D        | Found a hide-covered altar of Uskayaw.
   252 | D        | Found a roughly hewn altar of Beogh.
   252 | D        | Found an iron altar of Okawaru.
   252 | D        | Found a bloodstained altar of Trog.
   252 | D        | Found an ornate altar of the Wu Jian Council.
   252 | D        | Noticed a human
   253 | D        | Noticed a human
   260 | D        | Killed a human
   260 | D        | Reached skill level 9 in Staves
   260 | D        | Reached XP level 8. HP: 59/68 MP: 7/7
   264 | D        | Killed a human
   264 | D        | Reached skill level 10 in Armour
   264 | D        | Reached skill level 10 in Shields
   284 | D        | Became a worshipper of Warmaster Okawaru
   296 | D        | Found a radiant altar of Vehumet.
   296 | D        | Found a shimmering blue altar of Sif Muna.
   296 | D        | Found an ancient bone altar of Kikubaaqudgha.
   338 | D        | Found a basalt altar of Yredelemnul.
   338 | D        | Found a shadowy altar of Dithmenos.
   338 | D        | Found a sacrificial altar of Ru.
   370 | D        | Noticed a shadow
   373 | D        | Reached skill level 10 in Staves
   375 | D        | Killed a shadow
   381 | D        | Found a blossoming altar of Fedhas.
   381 | D        | Found a stormy altar of Qazlal.
   381 | D        | Found a snail-covered altar of Cheibriados.
   381 | D        | Found a burning altar of Makhleb.
   381 | D        | Found a shimmering altar of Xom.
   382 | D        | Found a hazy altar of Hepliaklqana.
   382 | D        | Found an opulent altar of Gozag.
   382 | D        | Found a sparkling altar of Nemelex Xobeh.
   382 | D        | Found a corrupted altar of Lugonu.
   382 | D        | Found a viscous altar of Jiyva.
   437 | D        | Reached * piety under Okawaru
   480 | D        | Noticed Snorg
   490 | D        | Killed Snorg
   490 | D        | Reached ** piety under Okawaru
   490 | D        | Reached skill level 11 in Staves
   490 | D        | Reached skill level 1 in Stealth
   490 | D        | Reached skill level 1 in Evocations
   490 | D        | Reached XP level 9. HP: 40/78 MP: 8/8
   646 | D        | Noticed a centaur warrior
   656 | D        | Killed a centaur warrior
   656 | D        | Reached *** piety under Okawaru
   656 | D        | Reached skill level 10 in Fighting
   656 | D        | Reached skill level 12 in Staves
   656 | D        | Reached XP level 10. HP: 39/85 MP: 9/9
   769 | D        | Noticed an unseen horror
   777 | D        | Killed an unseen horror
   777 | D        | Reached skill level 13 in Staves
   926 | D        | Reached skill level 5 in Dodging
   934 | D        | Reached **** piety under Okawaru
  1029 | D        | Noticed a cane toad
  1029 | D        | Noticed a komodo dragon
  1029 | D        | Noticed a cane toad
  1033 | D        | Killed a cane toad
  1044 | D        | Killed a cane toad
  1050 | D        | HP: 1/87 [komodo dragon (20)]
  1053 | D        | Killed a komodo dragon
  1053 | D        | Reached skill level 14 in Staves
  1140 | D        | Noticed a rime drake
  1143 | D        | Killed a rime drake
  1193 | D        | Reached ***** piety under Okawaru
  1226 | D        | Killed a four-headed hydra
  1266 | D        | Reached XP level 11. HP: 91/93 MP: 6/9
  1267 | D        | Received a gift from Okawaru
  1312 | D        | Noticed Donald
  1312 | D        | Noticed Frances
  1319 | D        | HP: 3/95 [Frances/shard of ice (36)]
  1320 | D        | Killed Frances
  1320 | D        | Reached skill level 15 in Staves
  1325 | D        | HP: 2/95 [Donald/+1 war axe of holy wrath (12)]
  1327 | D        | Annihilated by Donald

Illustrated notes

Levels and vault maps discovered:
D:        dungeon_sprint_mu [sprint_mu_entry_cave, sprint_mu_temple_rooms,
          sprint_mu_d1_horrors, sprint_mu_d2_genie, sprint_mu_d3_branching,
          sprint_mu_orc_legion, sprint_mu_elf_gauntlet, sprint_mu_hive_nellie,
          sprint_mu_lair_fedhas, sprint_mu_vaults_butterflies,
          sprint_mu_slime_circle, sprint_mu_swamp_cave, sprint_mu_shoals_kraken,
          sprint_mu_blade_basic, sprint_mu_crypt_chambers,
          sprint_mu_tomb_spiral, sprint_mu_vestibule_basic,
          sprint_mu_gehenna_hellfire, sprint_mu_dis_giant,
          sprint_mu_tartarus_statrot, sprint_mu_cocytus_islands, sprint_mu_zot1]

Skill      XL: |  1  2  3  4  5  6  7  8  9 10 11 |
---------------+----------------------------------+-----
Shields        | 5 7 9 11 12 13 14 | 14.5
Fighting       | 4 5 6 7 8 9 10 11 12 | 12.3
Staves         | 3 5 6 8 9 11 12 14 15 | 15.3
Armour         | 4 5 6 7 9 11 12 | 12.9
Dodging        | 1 2 3 4 5 7 |  7.0
Stealth        | 1 2 4 |  4.0
Evocations     | 1 2 3 |  3.3

Action                   |  1- 3 |  4- 6 |  7- 9 | 10-12 || total
-------------------------+-------+-------+-------+-------++-------
Melee: Quarterstaff      |    25 |    21 |    66 |    75 ||   187
 Abil: Dig               |     1 |       |       |       ||     1
Evoke: Condenser vane    |       |       |     2 |     3 ||     5
       Wand              |       |       |       |     1 ||     1
  Use: Potion            |     1 |     1 |     2 |     1 ||     5
 Stab: Sleeping          |       |       |       |     1 ||     1
Armor: Scale mail        |     4 |     2 |     5 |       ||    11
       Chain mail        |       |       |     3 |       ||     3
       Troll leather arm |       |       |     2 |    11 ||    13
Dodge: Dodged            |     5 |     7 |    10 |    47 ||    69
Block: Kite shield       |    11 |     7 |    34 |    33 ||    85

Table legend: (Time is in decaauts)
 A = Elapsed time spent in this place.
 B = Non-inter-level travel time spent in this place.
 C = Inter-level travel time spent in this place.
 D = Time resting spent in this place.
 E = Time spent auto-exploring this place.
 F = Levels seen in this place.
 G = Mean time per level.
                   A        B        C        D        E       F      G
               +--------+--------+--------+--------+--------+-----+--------+
         Total |   1305 |   1305 |      0 |    650 |     31 |   1 | 1305.0 |
       Dungeon |   1305 |   1305 |      0 |    650 |     31 |   1 | 1305.0 |
               +--------+--------+--------+--------+--------+-----+--------+

Top non-repeatable levels by time:
       D: 1305 daAuts
